 Dungeon Crawl Stone Soup version 0.21.0-24-g2553a33 (webtiles) character file.

856 Feta the Chucker (level 8, 0/120 HPs)
             Began as an Ogre Hunter on Jan 20, 2018.
             Was a Follower of Trog.
             Succumbed to a scorpion's poison
             ... on level 5 of the Dungeon.
             The game lasted 00:12:58 (6657 turns).

Feta the Chucker (Ogre Hunter)                      Turns: 6657, Time: 00:12:59

Health: 0/120      AC:  3    Str: 22    XL:     8   Next: 2%
Magic:  8/8        EV: 11    Int: 12    God:    Trog [*.....]
Gold:   191        SH:  0    Dex: 11    Spells: 7/7 levels left

rFire    . . .     SeeInvis .   l - +0 mace
rCold    + . .     Gourm    .   (no shield)
rNeg     . . .     Faith    .   b - +0 robe
rPois    .         Spirit   .   (helmet restricted)
rElec    .         Reflect  .   (no cloak)
rCorr    .         Harm     .   (gloves unavailable)
MR       .....                  (boots unavailable)
Stlth    ..........             q - amulet of magic regeneration
HPRegen  0.30/turn              A - ring of protection from cold
MPRegen  0.36/turn              (no ring)

@: berserking, lethally poisoned (0 -> -5), very quick
A: large, unfitting armour, tough skin 1
a: Berserk, Burn Spellbooks, Renounce Religion


You were on level 5 of the Dungeon.
You worshipped Trog.
Trog was aware of your devotion.
You were hungry.

You visited 1 branch of the dungeon, and saw 5 of its levels.

You collected 191 gold pieces.

Inventory:

Hand Weapons
 l - a +0 mace (weapon)
Missiles
 d - a throwing net (quivered)
 y - 5 tomahawks
Armour
 b - a +0 robe (worn)
Jewellery
 q - an amulet of magic regeneration (around neck)
 A - a ring of protection from cold (left hand)
Wands
 k - a wand of iceblast (7)
 r - a wand of polymorph (22)
Scrolls
 a - a scroll of identify
 h - 3 scrolls of remove curse
 i - a scroll of amnesia {unknown}
 j - 2 scrolls of teleportation
 m - 3 scrolls of fear {unknown}
 o - a scroll of enchant armour {unknown}
 p - 2 scrolls of fog {unknown}
 u - a scroll of enchant weapon {unknown}
 B - a scroll of magic mapping {unknown}
 C - a scroll of immolation {unknown}
Potions
 g - a potion of haste
 n - a potion of degeneration
 s - a potion of flight
 x - a potion of magic
 E - a potion of cancellation
Comestibles
 f - 5 rations


   Skills:
 + Level 5.2 Fighting
 * Level 4.3 Maces & Flails
 + Level 5.4 Throwing
 + Level 2.7 Armour
 + Level 3.6 Dodging
 - Level 0.6 Stealth


You had 7 spell levels left.
You didn't know any spells.

Dungeon Overview and Level Annotations

Branches:
Dungeon (5/15)
 Temple: D:4-7

Altars:
Ashenzari
Cheibriados
Fedhas
Okawaru
Trog
The Shining One


Innate Abilities, Weirdness & Mutations

You are too large for most types of armour.
You have tough skin. (AC +1)


Message History

* * * LOW HITPOINT WARNING * * *
You feel sick. The hound closely misses you. The hound completely misses you.
You barely miss the hound.
* * * LOW HITPOINT WARNING * * *
You feel sick. The hound closely misses you.
You barely miss the hound.
* * * LOW HITPOINT WARNING * * *
You feel sick. The hound bites you.
* * * LOW HITPOINT WARNING * * *
You miss the hound.
* * * LOW HITPOINT WARNING * * *
You feel sick. The hound barely misses you.
You thump the hound!
The hound is severely wounded.
* * * LOW HITPOINT WARNING * * *
You feel sick. The hound bites you.
* * * LOW HITPOINT WARNING * * *
You closely miss the hound.
The hound is severely wounded.
You die...

##.#......###.#.#
#.#......# #.#.#
#.......# #.#.#
#.##.#...# #.#.#
#.#...# #.#.#
#.#...# #.#.#
###.#...# #.#.#
........###.#.#
###.##..h@....#
#. ##(###.....# .
#.# ###.# . .(#
#(## .. ... ...


You could see a hound.

Vanquished Creatures
  A phantom (D:5)
  2 centaurs
  2 scorpions
  A jelly (D:5)
  2 hounds
  An orc priest (D:4)
  4 orc wizards (D:4)
  Jessica (D:2)
  Robin (D:2)
  2 gnolls
  9 adders
  A shadow imp (D:5)
  An adder skeleton (D:4)
  3 worms
  5 dart slugs
  2 leopard geckos
  9 orcs
  A ball python (D:3)
  4 bats
  4 giant cockroaches
  15 goblins
  12 hobgoblins
  10 jackals
  3 quokkas
  4 frilled lizards
  7 kobolds
  A leopard gecko skeleton (D:4)
  9 rats
117 creatures vanquished.

Notes
Turn   | Place    | Note
-------+----------+-------------------------------------------
     0 | D:1      | Feta the Ogre Hunter began the quest for the Orb.
     0 | D:1      | Reached XP level 1. HP: 22/22 MP: 1/1
    23 | D:1      | Reached XP level 2. HP: 26/31 MP: 2/2
   423 | D:1      | Reached XP level 3. HP: 16/37 MP: 3/3
  1160 | D:1      | Reached skill level 1 in Maces & Flails
  1349 | D:2      | Noticed Robin
  1627 | D:1      | Reached skill level 1 in Armour
  1708 | D:1      | Reached XP level 4. HP: 26/45 MP: 4/4
  1883 | D:2      | Killed Robin
  2577 | D:2      | Noticed a centaur
  2581 | D:2      | Killed a centaur
  2581 | D:2      | Reached XP level 5. HP: 44/54 MP: 5/5
  2620 | D:2      | Noticed Jessica
  2622 | D:2      | Killed Jessica
  2841 | D:2      | Reached XP level 6. HP: 58/62 MP: 6/6
  3267 | D:3      | Found a bloodstained altar of Trog.
  3268 | D:3      | Found a blossoming altar of Fedhas.
  3272 | D:3      | Found a snail-covered altar of Cheibriados.
  3275 | D:3      | Became a worshipper of Trog the Wrathful
  3341 | D:3      | Found a glowing golden altar of the Shining One.
  3524 | D:3      | Found an iron altar of Okawaru.
  3655 | D:3      | Found a shattered altar of Ashenzari.
  5355 | D:4      | Reached XP level 7. HP: 24/71 MP: 7/7
  5364 | D:4      | Reached * piety under Trog
  5368 | D:4      | Reached skill level 5 in Throwing
  6159 | D:5      | Entered Level 5 of the Dungeon
  6508 | D:5      | Reached skill level 5 in Fighting
  6650 | D:5      | Reached XP level 8. HP: 9/80 MP: 8/8
  6654 | D:5      | HP: 4/120 [hound (3)]
  6656 | D:5      | HP: 1/120 [hound (2)]
  6657 | D:5      | Succumbed to a scorpion's poison

Skill      XL: |  1  2  3  4  5  6  7 |
---------------+----------------------+-----
Fighting       | 3 4 5 |  5.2
Dodging        | 2 3 |  3.6
Maces & Flails | 1 2 3 4 |  4.3
Armour         | 1 2 |  2.7
Throwing       | 5 |  5.4
Stealth        | |  0.6

Action                   |  1- 3 |  4- 6 |  7- 9 || total
-------------------------+-------+-------+-------++-------
Melee: Short sword       |    10 |       |       ||    10
       Club              |    92 |       |       ||    92
       Whip              |    48 |   194 |       ||   242
       Mace              |       |    28 |    94 ||   122
Throw: Large rock        |     1 |    47 |    12 ||    60
       Tomahawk          |       |     7 |     1 ||     8
       Throwing net      |       |     1 |     1 ||     2
Invok: Berserk           |       |       |     1 ||     1
  Use: Scroll            |       |     6 |     1 ||     7
       Potion            |       |     2 |     6 ||     8
 Stab: Sleeping          |     1 |     1 |       ||     2
  Eat: Chunk             |     3 |    11 |     5 ||    19
Armor: Robe              |    39 |    63 |    20 ||   122
Dodge: Dodged            |    94 |   138 |    46 ||   278
